 Dungeon Crawl Stone Soup version 0.27-a0-29-g2d0a2396b0 (webtiles) character file.

Game seed: 6637791507873378784

1303 wakim the Slinger (level 8, -4/54 HPs)
             Began as a Halfling Hunter on Jan 2, 2021.
             Slain by an orc warrior
             ... wielding a +0 hand axe
              (10 damage)
             ... on level 5 of the Dungeon on Jan 3, 2021.
             The game lasted 00:39:11 (7095 turns).

wakim the Slinger (Halfling Hunter)                 Turns: 7095, Time: 00:39:11

Health: -4/54      AC:  6    Str: 13    XL:     8   Next: 87%
Magic:  17/17      EV: 14    Int:  9    God:
Gold:   349        SH:  8    Dex: 17    Spells: 7/7 levels left

rFire    . . .     SeeInvis .   b - +2 whip (freeze)
rCold    . . .     Faith    .   C - +0 kite shield
rNeg     . . .     Spirit   .   u - +0 ring mail
rPois    .         Reflect  .   t - +1 hat
rElec    .         Harm     .   (no cloak)
rCorr    +         Rampage  .   (no gloves)
Will     .....                  (no boots)
Stlth    ++........             (no amulet)
HPRegen  0.18/turn              n - ring of resist corrosion
MPRegen  0.15/turn              f - ring of magical power

@: no status effects
A: small, mutation resistance 1
a: no special abilities


You were on level 5 of the Dungeon.
You visited 1 branch of the dungeon, and saw 6 of its levels.

You collected 349 gold pieces.

Inventory:

Hand Weapons
 a - a +2 hunting sling
 b - a +2 whip of freezing (weapon)
 p - a +0 short sword
Missiles
 d - 16 sling bullets
 j - 125 stones
Armour
 l - a +0 leather armour
 t - a +1 hat (worn)
 u - a +0 ring mail (worn)
 B - a +0 chain mail
 C - a +0 kite shield (worn)
Jewellery
 f - a ring of magical power (right hand)
 n - a ring of resist corrosion (left hand)
 r - an uncursed ring of flight {unknown}
 w - an uncursed ring of fire
 x - an uncursed ring of ice
Wands
 y - a wand of iceblast (2) (quivered)
Scrolls
 i - a scroll of fear
 k - 5 scrolls of identify
 m - 3 scrolls of amnesia
 o - 5 scrolls of remove curse
 q - a scroll of enchant weapon
 s - a scroll of teleportation
 v - a scroll of fog
Potions
 e - a potion of flight
 g - 2 potions of curing
 D - a potion of might


   Skills:
 + Level 4.0 Fighting
 + Level 1.5 Short Blades
 + Level 8.2 Slings
 + Level 4.1 Armour
 + Level 6.5 Dodging
 + Level 4.8 Stealth
 + Level 1.6 Shields


You had 7 spell levels left.
You didn't know any spells.
Your spell library contained the following spells:

 Spells                   Type           Power        Failure   Level
 Magic Dart               Conj           0%           99%         1
 Blink                    Tloc           N/A          100%        2
 Call Imp                 Summ           0%           100%        2
 Slow                     Hex            0%           100%        2
 Conjure Flame            Conj/Fire      0%           100%        3
 Mephitic Cloud           Conj/Pois/Air  0%           100%        3


Dungeon Overview and Level Annotations

Branches:
Dungeon (6/15)
 Temple: D:4-7

Altars:
Cheibriados
Dithmenos
Nemelex Xobeh
Sif Muna
Wu Jian
Zin

Annotations:
D:2 1 runed translucent door, Crazy Yiuf
D:4 Sigmund


Innate Abilities, Weirdness & Mutations

You are small and have problems with some larger weapons.
You are somewhat resistant to further mutation.


Message History

The sling bullet hits the orc warrior but does no damage.
The orc warrior is heavily wounded.
The orc warrior barely misses you.
Your +2 whip of freezing glows with a cold blue light!
b - a +2 whip of freezing (weapon)
You hit the orc warrior but do no damage.
The orc warrior is heavily wounded.
The orc warrior hits you with a +0 hand axe!
You closely miss the orc warrior.
The orc warrior is heavily wounded.
The orc warrior hits you with a +0 hand axe!
You hit the orc warrior. You freeze the orc warrior.
The orc warrior is severely wounded.
The orc warrior hits you with a +0 hand axe.
The orc warrior hits you with a +0 hand axe!
* * * LOW HITPOINT WARNING * * *
You hit the orc warrior but do no damage.
The orc warrior is severely wounded.
The orc warrior hits you with a +0 hand axe!
You die...

#........#.##....##......####..
#........#..#.(..##......# #..
#........##.##'####......####..
#....!...##..#.# #......##....
####.........#.# #......##.#..
#..<........# ####'####.###
#...........# #.####.#
##########.o#######.##...#
#.@#P≈.....##o###
##..≈≈≈≈#####.# #..≈≈≈.# #.#
#.#≈.≈## #.# #.###.# #.# #.#
#.# #o# #.# #.# #.##### #.###.#
#.....o #.....# #######


You could see an orc warrior.

Vanquished Creatures
  Pikel (D:4)
  2 phantoms (D:5)
  An ogre (D:4)
  A centaur (D:5)
  4 lemures
  A scorpion (D:4)
  A howler monkey (D:4)
  2 hounds (D:5)
  An orc priest (D:5)
  A centaur skeleton (D:5)
  Jessica (D:2)
  Terence (D:2)
  2 iguanas (D:4)
  A worker ant (D:4)
  2 adders
  A shadow imp (D:5)
  A white imp (D:5)
  An ooze (D:5)
  4 worms
  10 dart slugs
  3 leopard geckos
  10 orcs
  4 giant cockroaches
  8 goblins
  14 hobgoblins
  5 jackals (D:1)
  5 quokkas
  2 ball pythons
  10 bats
  4 frilled lizards
  5 kobolds
  8 rats
117 creatures vanquished.

Vanquished Creatures (others)
  2 plants (D:5)
  4 toadstools (D:1)
6 creatures vanquished.

Grand Total: 123 creatures vanquished

Notes
Turn   | Place    | Note
-------+----------+-------------------------------------------
     0 | D:1      | wakim the Halfling Hunter began the quest for the Orb.
     0 | D:1      | Reached XP level 1. HP: 14/14 MP: 1/1
    64 | D:1      | Reached skill level 6 in Slings
    64 | D:1      | Reached XP level 2. HP: 19/19 MP: 2/2
   337 | D:1      | Reached XP level 3. HP: 24/24 MP: 3/3
  1595 | D:2      | Reached skill level 1 in Armour
  1595 | D:2      | Reached XP level 4. HP: 27/29 MP: 4/4
  1639 | D:2      | Noticed Jessica
  1644 | D:2      | Noticed Terence
  1647 | D:2      | Killed Jessica
  1927 | D:2      | Killed Terence
  1928 | D:2      | Reached XP level 5. HP: 35/35 MP: 5/5
  2018 | D:2      | Found a shimmering blue altar of Sif Muna.
  2085 | D:2      | Found a faded altar of an unknown god.
  2216 | D:2      | Found a snail-covered altar of Cheibriados.
  2292 | D:2      | Found a runed translucent door.
  2293 | D:2      | Noticed Crazy Yiuf
  2486 | D:3      | Found a shadowy altar of Dithmenos.
  3136 | D:3      | Reached XP level 6. HP: 41/41 MP: 6/6
  3615 | D:4      | Noticed Pikel
  4113 | D:4      | Found a sparkling altar of Nemelex Xobeh.
  4125 | D:4      | Noticed Sigmund
  4166 | D:4      | Found a glowing silver altar of Zin.
  4463 | D:4      | Found an ornate altar of the Wu Jian Council.
  4933 | D:4      | Killed Pikel
  4934 | D:4      | Reached skill level 7 in Slings
  4934 | D:4      | Reached skill level 5 in Dodging
  4934 | D:4      | Reached XP level 7. HP: 18/46 MP: 7/7
  4934 | D:4      | Reached XP level 8. HP: 20/52 MP: 8/8
  5241 | D:5      | Entered Level 5 of the Dungeon
  5362 | D:5      | Upgraded the game from 0.27-a0-13-g87abb2d9eb to
                  | 0.27-a0-29-g2d0a2396b0
  6386 | D:5      | Reached skill level 8 in Slings
  6386 | D:5      | Reached skill level 1 in Shields
  6581 | D:5      | Reached skill level 1 in Short Blades
  7095 | D:5      | Slain by an orc warrior

Illustrated notes

Levels and vault maps discovered:
D:1:      roderic_lyre, layout_basic, minmay_gold_behind_fungi
D:2:      layout_loops_cross, led_sif_pool, lemuel_round_altar,
          chequers_ecumenical_altar_grove, uniq_terence, uniq_jessica,
          uniq_crazy_yiuf_cottage
D:3:      kennysheep_slugbush, layout_loops_ring,
          grunt_dithmenos_smoke_and_mirrors, okawaru_altar_gauntlet_db
D:4:      layout_loops_ring, nzn_wu_jian_council_hall,
          nemelex_xobeh_ov_fountains_minmay, kennysheep_mini, uniq_ijyb,
          uniq_sigmund, uniq_pikel
D:5:      layout_basic, serial_bayou_pond_d,
          hangedman_abyss_or_decor_lesser_grid
D:6:      minmay_chambers_of_threes, layout_basic, overflow_temple_1_default,
          lemuel_round_altar

Skill      XL: |  1  2  3  4  5  6  7  8 |
---------------+-------------------------+-----
Slings         | 6 7 8 |  8.2
Fighting       | 2 3 4 |  4.0
Dodging        | 3 4 5 6 |  6.5
Stealth        | 2 4 |  4.8
Armour         | 1 2 3 4 |  4.1
Shields        | 1 |  1.6
Short Blades   | 1 |  1.5

Action                   |  1- 3 |  4- 6 |  7- 9 || total
-------------------------+-------+-------+-------++-------
Melee: Short sword       |    14 |       |       ||    14
       Hunting sling     |       |     1 |       ||     1
       Whip              |       |       |    26 ||    26
 Fire: Hunting sling     |    79 |   255 |    84 ||   418
Evoke: Wand              |       |     4 |       ||     4
  Use: Scroll            |     5 |     8 |     5 ||    18
       Potion            |       |     1 |       ||     1
Armor: Leather armour    |     6 |     3 |       ||     9
       Ring mail         |       |    11 |     4 ||    15
Dodge: Dodged            |    31 |    50 |    30 ||   111
Block: Kite shield       |       |       |    14 ||    14

Table legend: (Time is in decaauts)
 A = Elapsed time spent in this place.
 B = Non-inter-level travel time spent in this place.
 C = Inter-level travel time spent in this place.
 D = Time resting spent in this place.
 E = Time spent auto-exploring this place.
 F = Levels seen in this place.
 G = Mean time per level.
                   A        B        C        D        E       F      G
               +--------+--------+--------+--------+--------+-----+--------+
         Total |   7055 |   6722 |    333 |   1570 |   2601 |   6 | 1175.8 |
       Dungeon |   7055 |   6722 |    333 |   1570 |   2601 |   6 | 1175.8 |
               +--------+--------+--------+--------+--------+-----+--------+

Top non-repeatable levels by time:
     D:4: 1654 daAuts
     D:5: 1523 daAuts
     D:3: 1477 daAuts
     D:1: 1435 daAuts
     D:2: 955 daAuts
     D:6: 9 daAuts
